 Dungeon Crawl Stone Soup version 0.28-a0-899-gf2b78a14d2 (webtiles) character file.

Game seed: 764269217599628150

1328 AvatarAndi78 the Cleaver (level 8, -5/70 HPs)
             Began as a Minotaur Berserker on Nov 23, 2021.
             Was a Believer of Trog.
             Killed from afar by Joseph (24 damage)
             ... with a bolt of acid
             ... on level 7 of the Dungeon.
             The game lasted 00:14:34 (6938 turns).

AvatarAndi78 the Cleaver (Minotaur Berserker)       Turns: 6938, Time: 00:14:35

Health: -5/70      AC: 13    Str: 23    XL:     8   Next: 34%
Magic:  7/7        EV:  9    Int:  4    God:    Trog [**....]
Gold:   298        SH:  0    Dex: 11    Spells: 7/7 levels left

rFire   + . .      SeeInvis .   j - +1 great sword
rCold   x . .      Faith    .   (shield currently unavailable)
rNeg    . . .      Spirit   .   h - +0 chain mail
rPois   .          Reflect  .   (helmet restricted)
rElec   .          Harm     .   n - +0 cloak
rCorr   .          Rampage  .   (no gloves)
Will    ++...                   o - +0 pair of boots
Stlth   ..........              (no amulet)
HPRegen 1.21/turn               a - ring of fire
MPRegen 0.10/turn               m - +4 ring of protection

@: strong-willed, corroded, regenerating
A: horns 2, retaliatory headbutt
a: Renounce Religion, Berserk, Trog's Hand


You were on level 7 of the Dungeon.
You worshipped Trog.
Trog was pleased with you.
You visited 1 branch of the dungeon, and saw 7 of its levels.

You collected 298 gold pieces.

Inventory:

Hand Weapons
 j - a +1 great sword (weapon)
 k - a +0 hand axe of venom
Armour
 h - a +0 chain mail (worn)
 n - a +0 cloak (worn)
 o - a +0 pair of boots (worn)
 r - a +0 kite shield
Jewellery
 a - a ring of fire (left hand)
 m - a +4 ring of protection (right hand)
 q - a +4 ring of evasion
 w - a ring of protection from fire
 x - a ring of ice
Wands
 s - a wand of flame (18)
 v - a wand of polymorph (5)
Scrolls
 c - a scroll of silence
 d - 2 scrolls of enchant armour
 e - 2 scrolls of teleportation
 f - a scroll of summoning
Potions
 b - a potion of berserk rage
 g - a potion of curing
 i - a potion of heal wounds {unknown}
 l - a potion of invisibility


   Skills:
 + Level 5.9 Fighting
 + Level 0.7 Long Blades
 + Level 8.4 Axes
 + Level 6.6 Armour
 + Level 4.3 Dodging
 + Level 1.3 Stealth
 + Level 2.2 Shields


You had 7 spell levels left.
You didn't know any spells.
Your spell library was empty.

Dungeon Overview and Level Annotations

Branches:
Dungeon (7/15)             Temple (0/1) D:5

Altars:
Ashenzari
Sif Muna

Shops:
D:6 =

Annotations:
D:7 Joseph


Innate Abilities, Weirdness & Mutations

You have a pair of horns on your head.
You reflexively headbutt those who attack you in melee.


Message History

You furiously retaliate!
You headbutt the wyvern skeleton!
You destroy the wyvern skeleton!
Trog accepts your kill.
HP restored.
You now have 298 gold pieces (gained 16).
There is a stone staircase leading down here.
You open the door.
Found 18 bolts.
There is an open door here.
You open the door.
There is an open door here.
A bullfrog comes into view.
Found a club.
The bullfrog croaks.
The bullfrog barely misses you.
You miss the bullfrog.
The bullfrog hits you but does no damage. x2
You miss the bullfrog. You headbutt the bullfrog!
The bullfrog is heavily wounded.
The bullfrog barely misses you. You furiously retaliate!
You headbutt the bullfrog!
You kill the bullfrog!
Trog accepts your kill.
No target in view!
Things that are here:
18 bolts; a bullfrog corpse You open the door.
Joseph, a Mercenary comes into view.
He is wielding a +0 quarterstaff and carrying a wand of acid (7).
Joseph shouts!
Joseph zaps a wand.
The bolt of acid hits you!!!
Ouch! That really hurt!
The acid corrodes you!
Found a forked wooden wand.
Your skin crawls.
You feel strong-willed.
Joseph zaps a wand.
The bolt of acid hits you!!
* * * LOW HITPOINT WARNING * * *
You see here a +0 club.
Joseph zaps a wand.
The bolt of acid hits you!!
You die...

#...#.......+....+....
###...#.......#....#####
#.'...'>...............'
#.#...#.........########
#.#...#.........# #
#.#...#.........# #
#.#...#.........# #
#..(....#####...# #
#......@# #[..#
#.......## #...#
#........# #...#
#.......)# #........#
#........@......
##.......###@../
######### ..


You could see Joseph.

Vanquished Creatures
  A hornet (D:5)
  Menkaure (D:4)
  An orc warrior (D:6)
  2 phantoms
  A bullfrog (D:7)
  2 scorpions
  2 wyvern skeletons
  A water moccasin skeleton (D:4)
  A howler monkey (D:6)
  A centaur zombie (D:4)
  A jelly (D:5)
  2 orc priests
  An iguana (D:4)
  A hound zombie (D:5)
  Robin (D:2)
  9 adders
  3 ufetubi
  An adder zombie (D:3)
  An adder skeleton (D:4)
  4 worms
  2 dart slugs
  13 orcs
  2 ball pythons (D:1)
  2 bats (D:2)
  5 endoplasms
  4 giant cockroaches
  14 goblins
  13 hobgoblins
  8 jackals
  4 frilled lizards
  9 kobolds
  5 rats
118 creatures vanquished.

Vanquished Creatures (others)
  5 toadstools (D:4)
5 creatures vanquished.

Grand Total: 123 creatures vanquished

Notes
Turn   | Place    | Note
-------+----------+-------------------------------------------
     0 | D:1      | AvatarAndi78 the Minotaur Berserker began the quest for the
                  | Orb.
     0 | D:1      | Reached XP level 1. HP: 19/19 MP: 0/0
   132 | D:1      | Found a faded altar of an unknown god.
   160 | D:1      | Reached XP level 2. HP: 27/27 MP: 1/1
   194 | D:1      | Reached skill level 4 in Axes
   909 | D:2      | Reached XP level 3. HP: 27/33 MP: 2/2
  1106 | D:2      | Reached ** piety under Trog
  1348 | D:2      | Noticed Robin
  1422 | D:2      | Killed Robin
  1427 | D:2      | Reached XP level 4. HP: 40/40 MP: 3/3
  2140 | D:2      | Reached skill level 5 in Axes
  2358 | D:3      | Found a broken altar of Ashenzari.
  2441 | D:3      | Reached XP level 5. HP: 40/47 MP: 4/4
  2581 | D:3      | Reached *** piety under Trog
  2902 | D:3      | You fall into a shaft and drop 3 floors!
  3145 | D:6      | Reached skill level 1 in Shields
  3166 | D:5      | Entered Level 5 of the Dungeon
  3292 | D:5      | Reached XP level 6. HP: 54/55 MP: 5/5
  3329 | D:5      | Found a staircase to the Ecumenical Temple.
  3455 | D:5      | Found a shimmering blue altar of Sif Muna.
  3461 | D:5      | Reached skill level 5 in Fighting
  3461 | D:5      | Reached skill level 6 in Axes
  3522 | D:5      | Noticed a hornet
  3528 | D:5      | Paralysed by a hornet for 3 turns
  3533 | D:5      | Killed a hornet
  3534 | D:5      | Reached skill level 1 in Stealth
  3534 | D:5      | Reached XP level 7. HP: 17/61 MP: 6/6
  3883 | D:5      | Reached skill level 7 in Axes
  4570 | D:4      | Reached skill level 5 in Armour
  4651 | D:4      | Noticed Menkaure
  4658 | D:4      | Killed Menkaure
  6034 | D:6      | Found Rac Maeg's Jewellery Shop.
  6296 | D:6      | Reached XP level 8. HP: 69/69 MP: 7/7
  6328 | D:6      | Reached skill level 8 in Axes
  6933 | D:7      | Noticed Joseph
  6938 | D:7      | Killed from afar by Joseph

Illustrated notes

Levels and vault maps discovered:
D:1:      dpeg_arrival_tiny_a, layout_loops_cross, basic_ecumenical_altar
D:2:      layout_basic, uniq_robin
D:3:      layout_basic, cheibrodos_ashenzari_chains, serial_park_tiny_1,
          minmay_quantized
D:4:      layout_loops_corners, minmay_gold_behind_fungi, uniq_menkaure
D:5:      layout_basic, nicolae_sif_muna_condensation,
          minmay_temple_entry_ruins, corexii_leaking_fountain
D:6:      layout_loops_cross, serial_shops, shop, supply_closet_lemuel,
          mrwooster_statue_mirror
D:7:      layout_basic, uniq_joseph

Skill      XL: |  1  2  3  4  5  6  7  8 |
---------------+-------------------------+-----
Axes           | 4 5 6 7 8 |  8.4
Fighting       | 4 5 |  5.9
Dodging        | 3 4 |  4.3
Armour         | 3 4 5 6 |  6.6
Shields        | 1 2 |  2.2
Stealth        | 1 |  1.3
Long Blades    | |  0.7

Action                   |  1- 3 |  4- 6 |  7- 9 || total
-------------------------+-------+-------+-------++-------
Melee: Hand axe          |    72 |    77 |    92 ||   241
       Headbutt          |    14 |    20 |    18 ||    52
       Great sword       |       |       |    10 ||    10
Invok: Berserk           |     2 |     2 |     2 ||     6
       Trog's Hand       |     1 |     2 |     3 ||     6
  Use: Scroll            |     2 |     4 |     5 ||    11
       Potion            |     1 |     6 |     2 ||     9
 Stab: Distracted        |     1 |       |       ||     1
Armor: Animal skin       |     8 |     1 |       ||     9
       Ring mail         |       |    20 |    37 ||    57
       Chain mail        |       |       |    11 ||    11
Dodge: Dodged            |    39 |    61 |    51 ||   151
Block: Buckler           |     5 |    10 |    11 ||    26

Table legend: (Time is in decaauts)
 A = Elapsed time spent in this place.
 B = Non-inter-level travel time spent in this place.
 C = Inter-level travel time spent in this place.
 D = Time resting spent in this place.
 E = Time spent auto-exploring this place.
 F = Levels seen in this place.
 G = Mean time per level.
                   A        B        C        D        E       F      G
               +--------+--------+--------+--------+--------+-----+--------+
         Total |   7039 |   6475 |    564 |      0 |   5473 |   7 | 1005.6 |
       Dungeon |   7039 |   6475 |    564 |      0 |   5473 |   7 | 1005.6 |
               +--------+--------+--------+--------+--------+-----+--------+

Top non-repeatable levels by time:
     D:3: 1375 daAuts
     D:2: 1326 daAuts
     D:5: 1228 daAuts
     D:4: 1170 daAuts
     D:1: 886 daAuts
     D:6: 823 daAuts
     D:7: 228 daAuts
